 Dungeon Crawl Stone Soup version 0.29.1-2-gbd0b4ee654 (webtiles) character file.

Game seed: 15051305344381798969

67 hilljack the Chiller (level 4, -5/24 HPs)
             Began as a Gargoyle Ice Elementalist on Nov 10, 2022.
             Slain by Terence
             ... wielding a +6 hand axe of flaming
              (11 damage)
             ... on level 3 of the Dungeon.
             The game lasted 00:03:56 (2672 turns).

hilljack the Chiller (Gargoyle Ice Elementalist)    Turns: 2672, Time: 00:03:57

Health: -5/24      AC:  6    Str: 17    XL:     4   Next: 16%
Magic:  2/8        EV: 11    Int: 24    God:
Gold:   159        SH:  0    Dex: 10    Spells: 2/9 levels left

rFire   . . .      SeeInvis .   f - +4 short sword
rCold   . . .      Faith    .   (no shield)
rNeg    + . .      Spirit   .   a - +0 robe
rPois   ∞          Reflect  .   (no helmet)
rElec   +          Harm     .   (no cloak)
rCorr   .          Rampage  .   g - +0 pair of gloves
Will    .....                   (no boots)
Stlth   ++........              (no amulet)
HPRegen 0.08/turn               d - +6 ring of strength
MPRegen 0.11/turn               h - +6 ring of intelligence

@: very slightly contaminated
A: sickness immunity, AC +3, negative energy resistance 1, electricity
resistance, torment resistance 1, petrification resistance, talons 1
a: no special abilities


You were on level 3 of the Dungeon.
You visited 1 branch of the dungeon, and saw 3 of its levels.

You collected 159 gold pieces.

Inventory:

Hand Weapons
 f - a +4 short sword (weapon)
Armour
 a - a +0 robe (worn)
 g - a +0 pair of gloves (worn)
 l - a +0 helmet
Jewellery
 d - a +6 ring of strength (left hand)
 h - a +6 ring of intelligence (right hand)
Scrolls
 c - 2 scrolls of identify {unknown}
 e - a scroll of acquirement {unknown}
 j - a scroll of enchant weapon {unknown}
 k - a scroll of noise {unknown}
Potions
 b - a potion of magic
 i - a potion of mutation
 m - a potion of heal wounds {unknown}


   Skills:
 - Level 1.5 Dodging
 - Level 2.1 Stealth
 + Level 3.1 Spellcasting
 + Level 4.8 Ice Magic


You had 2 spell levels left.
You knew the following spells:

 Your Spells              Type           Power      Damage    Failure   Level
a - Freeze                Ice            100%       1d11      1%          1
b - Frozen Ramparts       Ice            54%        1d9       4%          3
c - Ozocubu's Armour      Ice            27%        N/A       4%          3

Your spell library contained the following spells:

 Spells                   Type           Power      Damage    Failure   Level
 Hailstorm                Conj/Ice       15%        3d5       36%         4
 Ozocubu's Refrigeration  Ice            13%        4d10      100%        7


Dungeon Overview and Level Annotations

Branches:
Dungeon (3/15) Zot: 15325

Altars:

Annotations:
D:3 Terence


Innate Abilities, Weirdness & Mutations

You are immune to sickness and miasma.
Your stone body is resilient. (AC +3)
You are immune to poison.
You resist negative energy. (rN+)
You are resistant to electric shocks. (rElec)
You are resistant to unholy torment.
You are immune to petrification.
You have sharp toenails.


Message History

Aim: an endoplasm You freeze the endoplasm!
You kill the endoplasm!
Casting: Freeze (safe; 1% risk of failure)
Confirm with . or Enter, or press ? or * to list all spells.
Aiming: Freeze (safe; 1% risk of failure)
Press: ? - help, Shift-Dir - straight line, f - you That would be overly suicidal.
Okay, then.
An endoplasm comes into view.
The endoplasm quivers.
Casting: Freeze (safe; 1% risk of failure)
Confirm with . or Enter, or press ? or * to list all spells.
Aiming: Freeze (safe; 1% risk of failure)
Press: ? - help, Shift-Dir - straight line, f - endoplasm
Aim: an endoplasm You freeze the endoplasm!
You kill the endoplasm!
Terence is nearby!
Found a stone staircase leading up.
Terence attacks as you move away!
Terence hits you with a +6 hand axe of flaming!
Terence burns you.
Casting: Freeze (safe; 1% risk of failure)
Confirm with . or Enter, or press ? or * to list all spells.
The spell is quite dangerous to miscast (4% risk of failure)!
Continue anyway? [Y]es or [N]o only, please.
The spell is quite dangerous to miscast (4% risk of failure)!
Continue anyway?
Casting: Frozen Ramparts (quite dangerous; 4% risk of failure)
Press: ? - help, Dir - look around, f - activate You miscast Frozen Ramparts.
You are very lightly contaminated with residual magic.
Nothing appears to happen.
Terence hits you with a +6 hand axe of flaming.
Terence burns you.
* * * LOW HITPOINT WARNING * * *
It was a potion of mutation.
You feel extremely strange.
Your toenails lengthen and sharpen.
Terence hits you with a +6 hand axe of flaming!
You die...

#..........##.####......#
##..............#.......#
................#.....#
####............#######
................#
................#
................#
................#
.<...#@.......##
.......@........#
................#
............††..#
................#
.####...........#
#.............
....#...........
.##..###...........


You could see Terence.

Vanquished Creatures
  An adder (D:2)
  3 dart slugs
  2 worms
  8 endoplasms
  4 giant cockroaches (D:1)
  4 goblins
  4 hobgoblins
  2 jackals (D:2)
  A quokka (D:3)
  4 ball pythons
  3 bats
  3 frilled lizards (D:1)
  2 kobolds (D:2)
  5 rats
46 creatures vanquished.

Notes
Turn   | Place    | Note
-------+----------+-------------------------------------------
     0 | D:1      | hilljack the Gargoyle Ice Elementalist began the quest for
                  | the Orb.
     0 | D:1      | Reached XP level 1. HP: 10/10 MP: 3/3
   391 | D:1      | Reached XP level 2. HP: 10/15 MP: 0/5
  1301 | D:1      | Reached XP level 3. HP: 19/19 MP: 4/6
  1428 | D:2      | Found a faded altar of an unknown god.
  1490 | D:2      | Learned a level 3 spell: Frozen Ramparts
  1494 | D:2      | Learned a level 3 spell: Ozocubu's Armour
  2272 | D:2      | Found the +7 staff of the Meek {protect, meekguard}
  2548 | D:3      | Reached XP level 4. HP: 23/24 MP: 5/8
  2625 | D:3      | Noticed Terence
  2672 | D:3      | Gained mutation: You have sharp toenails. [potion of
                  | mutation]
  2672 | D:3      | Slain by Terence

Illustrated notes

Levels and vault maps discovered:
D:1:      dpeg_arrival_arbitrary_b, layout_loops_ring, serial_forest,
          infiniplex_forest_side_room, infiniplex_forest_end_3,
          infiniplex_forest_end_double, infiniplex_forest_lined_2,
          infiniplex_forest_lined_3_way, infiniplex_forest_clump_small
D:2:      layout_loops_ring, ebering_ecumenical_altar_hall
D:3:      layout_rooms, amcnicky_mini_rare_corridor_liquid, uniq_terence

Skill      XL: |  1  2  3 |
---------------+----------+-----
Spellcasting   | 3 |  3.1
Dodging        | |  1.5
Stealth        | |  2.1
Ice Magic      | |  4.8

Action                   |  1- 3 |  4- 6 || total
-------------------------+-------+-------++-------
Melee: Unarmed           |    13 |       ||    13
       Hand axe          |    11 |       ||    11
       Short sword       |     5 |       ||     5
 Cast: Freeze            |    53 |     8 ||    61
       Frozen Ramparts   |     1 |     1 ||     2
  Use: Scroll            |     4 |       ||     4
       Potion            |       |     1 ||     1
 Stab: Sleeping          |     1 |       ||     1
Armor: Robe              |    33 |     1 ||    34
Dodge: Dodged            |    46 |     1 ||    47
